 Dungeon Crawl Stone Soup version 0.20.1-1-g8b1a95d66d (webtiles) character file.

2268 NullDivider the Covert (level 9, -5/60 HPs)
             Began as an Octopode Artificer on Dec 6, 2017.
             Was a Believer of Nemelex Xobeh.
             Killed from afar by an electric eel (15 damage)
             ... with a bolt of electricity
             ... on level 8 of the Dungeon.
             The game lasted 00:29:11 (8620 turns).

NullDivider the Covert (Octopode Artificer)         Turns: 8620, Time: 00:29:15

Health: -5/60      AC:  1    Str: 13    XL:     9   Next: 38%
Magic:  22/22      EV: 16    Int: 14    God:    Nemelex Xobeh [**....]
Gold:   348        SH:  0    Dex: 17    Spells: 8/8 levels left

rFire    . . .     SeeInvis .   x - +1 dagger (venom)
rCold    . . .     Gourm    .   (no shield)
rNeg     . . .     Faith    .   (helmet restricted)
rPois    +         Spirit   .   (no amulet)
rElec    .         Reflect  .   k - ring of magical power
rCorr    .         Harm     .   E - ring of poison resistance
MR       .....     Rnd*Tele +   (no ring)
Stlth    +++++++...             (no ring)
Regen    0.0/turn               (no ring)
MPRegen  0.2/turn               (no ring)
                                (no ring)
                                (no ring)

@: no status effects
A: almost no armour, stealthy swim, amphibious, 8 rings, constrict 8, camouflage
1, agile 1, inhibited regeneration, strong 1, teleportitis 1, gelatinous body 1,
no potion heal 1
a: Renounce Religion


You were on level 8 of the Dungeon.
You worshipped Nemelex Xobeh.
Nemelex Xobeh was pleased with you.
You were not hungry.

You visited 2 branches of the dungeon, and saw 9 of its levels.

You collected 348 gold pieces.

Inventory:

Hand Weapons
 t - a +3 short sword of protection
 x - a +1 dagger of venom (weapon)
Jewellery
 k - a ring of magical power (left tentacle)
 E - a ring of poison resistance (right tentacle)
Wands
 b - a wand of flame (12/48)
 c - a wand of enslavement (12/24)
 d - a wand of random effects (15/48)
 J - a wand of lightning (6/15)
Scrolls
 e - 6 scrolls of identify
 h - 4 scrolls of remove curse
 l - 3 scrolls of enchant armour
 n - 2 scrolls of teleportation {unknown}
 p - a scroll of noise {unknown}
 q - 3 scrolls of magic mapping
 s - 2 scrolls of recharging {unknown}
 u - 2 scrolls of enchant weapon {unknown}
 w - a scroll of fog {unknown}
 y - 2 scrolls of immolation {unknown}
 C - a scroll of fear {unknown}
 I - 2 scrolls of amnesia {unknown}
 L - a scroll of brand weapon {unknown}
Potions
 g - a potion of degeneration {unknown}
 i - 2 potions of agility {unknown}
 j - a potion of flight {unknown}
 m - a potion of cancellation {unknown}
 v - 3 potions of curing {unknown}
 z - a potion of lignification {unknown}
 A - 3 potions of mutation {unknown}
 B - a potion of haste {unknown}
 K - a potion of might {unknown}
Books
 F - a book of Power

   Spells                             Type                      Level
   a - Iskenderun's Battlesphere      Conjuration/Charms           5
   b - Venom Bolt                     Conjuration/Poison           5
   c - Bolt of Magma                  Conjuration/Fire/Earth       5
   d - Iron Shot                      Conjuration/Earth            6
   e - Orb of Destruction             Conjuration                  7
   f - Spellforged Servitor           Conjuration/Summoning        7
 H - a book of Beasts

   Spells                             Type                      Level
   a - Summon Butterflies             Summoning                    1
   b - Call Canine Familiar           Summoning                    3
   c - Summon Ice Beast               Ice/Summoning                4
   d - Summon Mana Viper              Hexes/Summoning              5
   e - Summon Hydra                   Summoning                    7
Miscellaneous
 a - a plain deck of summoning
 D - a plain deck of destruction {drawn: 9}
Comestibles
 f - 4 bread rations
 o - 8 fruits
 r - 2 royal jellies
 G - a meat ration


   Skills:
 + Level 4.9 Fighting
 + Level 5.0 Short Blades
 + Level 5.3 Dodging
 * Level 9.9 Stealth
 + Level 6.4 Evocations


You had 8 spell levels left.
You didn't know any spells.

Dungeon Overview and Level Annotations

Branches:
Dungeon (8/15)             Temple (1/1) D:4            Lair (0/6) D:8

Altars:
Ashenzari
Cheibriados
Dithmenos
Elyvilon
Fedhas
Gozag
Hepliaklqana
Kikubaaqudgha
Makhleb
Nemelex Xobeh
Okawaru
Qazlal
Ru
Sif Muna
Trog
Uskayaw
Vehumet
Xom
Yredelemnul
Zin
The Shining One


Innate Abilities, Weirdness & Mutations

You cannot wear most types of armour.
You are very stealthy in the water. (Stealth+)
You are amphibious.
You can wear up to eight rings at the same time.
You can use your tentacles to constrict eight enemies at once.
Your skin changes colour to match your surroundings (Stealth+).
Your rubbery body absorbs attacks. (AC +1, EV +1)
You are agile. (Dex +2)
You do not regenerate when monsters are visible.
Your muscles are strong. (Str +2)
You are occasionally teleported next to monsters.
Potions are less effective at restoring your health.


Message History

Flames sear the hound.
Venomous gases pour from the hound's front paws! x2
Venomous gases pour from the electric eel's tail!
Fire whirls out the wolf's front paws!
You feel a surge of magic.
The wolf pauses to sniff the water.
The electric eel shoots out a bolt of lightning at you!
The bolt of electricity hits you!
* * * LOW HITPOINT WARNING * * *
Evoke which item? (* to show all) (? for menu, Esc to quit)
You draw a card...
It is the Orb.
You have drawn the Orb.
Press: ? - help, Shift-Dir - straight line, f/p - electric eel
Aim: an electric eel (water, severely wounded)
The orb of energy hits the electric eel.
The electric eel is almost dead.
The hound pauses to sniff the ground.
The electric eel shoots out a bolt of lightning at you!
The bolt of electricity hits you!
You die...
Your body disappears without a glow.

#...#####.# ≈.≈≈≈≈≈≈≈...#
##..# ##.. .≈.≈≈≈≈≈.≈..#
#..####..# ≈≈≈≈;≈≈≈≈.≈.#
##..##..## ≈≈≈≈≈≈≈.≈≈≈.#
##.#....##
≈.≈.≈h≈≈≈≈≈.###..####.##
≈....≈≈≈≈≈≈.....## #..##
.≈.>..h≈≈≈≈..##..## #....
≈....hh≈@≈≈.# ##..###....
≈....≈h≈v≈≈..# #.........
≈.≈)≈.h≈≈≈...###.........
≈≈≈...≈≈≈.....#.........#
≈≈≈.≈≈.≈≈...#........##.#
≈≈≈.≈≈≈..≈.##.......###..
≈≈≈.≈≈≈≈...##..##..## ##.
≈.≈.≈≈≈≈≈..#..# #.## ##.
#.. ##.####.#


You could see 2 wolves, 4 hounds, an electric eel and a friendly fire vortex.

Vanquished Creatures
  Pikel (D:5)
  An acid dragon (D:7)
  A sky beast (D:6)
  2 ogres
  3 centaurs
  A wyvern zombie (D:6)
  4 bullfrogs
  A scorpion (D:5)
  2 orc priests
  A centaur zombie (D:5)
  4 orc wizards
  A bullfrog skeleton (D:6)
  2 iguanas
  5 worker ants
  A hound zombie (D:7)
  A hound skeleton (D:6)
  A worker ant zombie (D:5)
  3 adders
  An adder zombie (D:7)
  4 worms
  A dart slug (D:2)
  9 leopard geckos
  24 orcs
  7 bats
  3 giant cockroaches
  3 goblins
  18 hobgoblins
  4 jackals (D:5)
  6 kobolds
  6 quokkas
  2 ball pythons
  8 frilled lizards
  13 rats
144 creatures vanquished.

Vanquished Creatures (collateral kills)
  The ghost of NullDivider the Covert, a novice OpAr of Nemelex Xobeh (D:7)
  A bullfrog (D:6)
  A hobgoblin (D:1)
3 creatures vanquished.

Vanquished Creatures (others)
  A slave (D:6)
  A hound (D:5)
  A shadow imp (D:5)
  3 orcs
  A ball python (D:1)
  A frilled lizard (D:5)
  A kobold (D:1)
9 creatures vanquished.

Grand Total: 156 creatures vanquished

Notes
Turn   | Place    | Note
-------+----------+-------------------------------------------
     0 | D:1      | NullDivider the Octopode Artificer began the quest for the Orb.
     0 | D:1      | Reached XP level 1. HP: 13/13 MP: 3/3
    70 | D:1      | Reached XP level 2. HP: 17/18 MP: 4/4
   338 | D:1      | Reached skill level 2 in Stealth
   826 | D:1      | Reached XP level 3. HP: 23/23 MP: 5/5
  1181 | D:2      | Found a radiant altar of Vehumet.
  1182 | D:2      | Found a glowing silver altar of Zin.
  1187 | D:2      | Found a snail-covered altar of Cheibriados.
  1195 | D:2      | Found a shattered altar of Ashenzari.
  1195 | D:2      | Found a hide-covered altar of Uskayaw.
  1195 | D:2      | Found an ancient bone altar of Kikubaaqudgha.
  1195 | D:2      | Found a shadowy altar of Dithmenos.
  1196 | D:2      | Found an opulent altar of Gozag.
  1197 | D:2      | Found a stormy altar of Qazlal.
  1199 | D:2      | Found a basalt altar of Yredelemnul.
  1200 | D:2      | Found an iron altar of Okawaru.
  1283 | D:2      | Reached skill level 3 in Stealth
  1283 | D:2      | Reached XP level 4. HP: 7/29 MP: 6/6
  2367 | D:3      | Found a hazy altar of Hepliaklqana.
  2466 | D:3      | Reached XP level 5. HP: 34/34 MP: 7/7
  2834 | D:3      | Reached skill level 4 in Stealth
  3589 | D:4      | Found a staircase to the Ecumenical Temple.
  3601 | D:4      | Reached XP level 6. HP: 8/39 MP: 9/9
  3621 | Temple   | Entered the Ecumenical Temple
  3912 | Temple   | Became a worshipper of Nemelex Xobeh the Trickster
  4310 | D:4      | Received a gift from Nemelex Xobeh
  4737 | D:5      | Entered Level 5 of the Dungeon
  4956 | D:5      | Noticed a slave
  4958 | D:5      | Noticed Pikel
  4958 | D:5      | Noticed a slave
  4959 | D:5      | Noticed a slave
  4961 | D:5      | Noticed a slave
  4975 | D:5      | Killed Pikel
  4975 | D:5      | Reached skill level 6 in Stealth
  4975 | D:5      | Reached skill level 5 in Evocations
  4975 | D:5      | Reached XP level 7. HP: 15/46 MP: 10/10
  5650 | D:5      | Reached skill level 7 in Stealth
  5650 | D:5      | Reached XP level 8. HP: 52/52 MP: 11/11
  6021 | D:5      | Reached * piety under Nemelex Xobeh
  6214 | D:6      | Received a gift from Nemelex Xobeh
  6698 | D:6      | Reached skill level 8 in Stealth
  6907 | D:6      | Gained mutation: Potions are less effective at restoring your health. [mutagenic meat]
  6908 | D:6      | Gained mutation: You do not regenerate when monsters are visible. [mutagenic meat]
  6909 | D:6      | Gained mutation: You are occasionally teleported next to monsters. [mutagenic meat]
  6910 | D:6      | Gained mutation: You are agile. (Dex +2) [mutagenic meat]
  6911 | D:6      | Gained mutation: Your muscles are strong. (Str +2) [mutagenic meat]
  7642 | D:7      | Reached skill level 9 in Stealth
  7642 | D:7      | Reached XP level 9. HP: 54/59 MP: 13/13
  7717 | D:7      | Noticed NullDivider's ghost (novice OpAr)
  7747 | D:7      | Reached skill level 5 in Dodging
  8057 | D:7      | Killed NullDivider's ghost
  8208 | D:7      | Reached skill level 5 in Short Blades
  8534 | D:8      | Reached ** piety under Nemelex Xobeh
  8614 | D:8      | Found a staircase to the Lair.
  8615 | D:8      | Noticed a troll
  8620 | D:8      | Killed from afar by an electric eel

Skill      XL: |  1  2  3  4  5  6  7  8  9 |
---------------+----------------------------+-----
Stealth        | 2 3 4 6 7 9 |  9.9
Short Blades   | 2 3 4 5 |  5.0
Evocations     | 4 5 6 |  6.4
Fighting       | 2 3 4 |  4.9
Dodging        | 3 4 5 |  5.3

Action                   |  1- 3 |  4- 6 |  7- 9 || total
-------------------------+-------+-------+-------++-------
Melee: Short sword       |    80 |    81 |       ||   161
       Constrict         |    20 |    23 |    18 ||    61
       Tentacles         |    15 |    19 |    20 ||    54
       Dagger            |       |    36 |   117 ||   153
Evoke: Wand              |     2 |     4 |       ||     6
       Deck              |       |       |     9 ||     9
  Use: Scroll            |       |     4 |     3 ||     7
 Stab: Sleeping          |     9 |    16 |    25 ||    50
       Distracted        |       |     4 |       ||     4
  Eat: Chunk             |     1 |    11 |    18 ||    30
Armor: Skin              |     3 |     1 |     1 ||     5
Dodge: Dodged            |    42 |    58 |    54 ||   154
